 Dungeon Crawl Stone Soup version 0.28.0-53-g5a82cb258f (webtiles) character file.

Game seed: 4985390839544756346

9401 dranuc9 the Thaumaturge (level 11, 0/55 HPs)
             Began as a Deep Elf Conjurer on July 1, 2022.
             Was a Believer of Vehumet.
             Slain by a wyvern (5 damage)
             ... while petrified by a basilisk
             ... on level 2 of the Lair of Beasts.
             The game lasted 02:27:41 (17018 turns).

dranuc9 the Thaumaturge (Deep Elf Conjurer)        Turns: 17018, Time: 02:27:42

Health: 0/55       AC:  9    Str:  4    XL:     11   Next: 22%
Magic:  28/28      EV:  2    Int: 28    God:    Vehumet [**....]
Gold:   737        SH:  0    Dex: 13    Spells: 17/33 levels left

rFire   + . .      SeeInvis .   G - +0 shortbow (venom)
rCold   . . .      Faith    .   (shield currently unavailable)
rNeg    + + +      Spirit   .   a - +0 robe
rPois   ∞          Reflect  .   E - +2 hat {Will+}
rElec   .          Harm     .   w - +1 cloak
rCorr   .          Rampage  .   (no gloves)
Will    ++...                   c - +2 pair of boots
Stlth   +++.......              (no amulet)
HPRegen 0.18/turn               j - ring of wizardry
MPRegen 0.21/turn               N - ring of protection from fire

@: petrified
A: no striking features
a: Renounce Religion


You were on level 2 of the Lair of Beasts.
You worshipped Vehumet.
Vehumet was pleased with you.
You visited 3 branches of the dungeon, and saw 13 of its levels.
You also visited: Ossuary.

You collected 737 gold pieces.

Inventory:

Hand Weapons
 G - a +0 shortbow of venom (weapon)
 O - a +2 vampiric short sword
 P - a +2 war axe of flaming
 Q - a +0 shortbow
 R - a +1 dagger of speed
Missiles
 e - 6 atropa-tipped darts
 g - 241 arrows (quivered ammo)
 r - 5 poisoned darts
 D - 4 datura-tipped darts
 H - 4 throwing nets
 M - 8 curare-tipped darts
Armour
 a - a +0 robe (worn)
 c - a +2 pair of boots (worn)
 w - a +1 cloak (worn)
 E - a +2 hat of willpower (worn)
Magical Staves
 o - a staff of fire
Jewellery
 j - a ring of wizardry (left hand)
 s - an amulet of guardian spirit
 L - a ring of ice
 N - a ring of protection from fire (right hand)
Wands
 f - a wand of acid (1)
 m - a wand of iceblast (9)
 C - a wand of mindburst (11)
 K - a wand of polymorph (12)
 U - a wand of charming (1)
Scrolls
 d - 2 scrolls of teleportation
 p - a scroll of amnesia
 q - 3 scrolls of magic mapping
 x - 5 scrolls of fog
 y - a scroll of vulnerability
 B - 2 scrolls of fear
 T - a scroll of blinking
Potions
 b - 4 potions of flight
 h - a potion of berserk rage {unknown}
 i - 3 potions of might
 k - 2 potions of brilliance
 l - 7 potions of cancellation
 n - 2 potions of curing
 t - 3 potions of attraction {unknown}
 u - 2 potions of magic {unknown}
 v - 4 potions of heal wounds {unknown}
 z - 3 potions of haste
 A - 3 potions of invisibility
 F - a potion of ambrosia {unknown}
 I - a potion of lignification {unknown}
 J - a potion of degeneration {unknown}
 S - a potion of mutation {unknown}


   Skills:
 + Level 0.7 Fighting
 * Level 2.3 Staves
 * Level 3.5 Bows
 * Level 6.0 Dodging
 * Level 6.9 Stealth
 * Level 11.9 Spellcasting
 * Level 10.8 Conjurations
 * Level 7.1 Hexes
 * Level 4.9 Necromancy
 * Level 4.5 Fire Magic
 * Level 4.7 Evocations


You had 17 spell levels left.
You knew the following spells:

 Your Spells              Type           Power      Damage    Failure   Level
a - Magic Dart            Conj           100%       1d8       1%          1
b - Searing Ray           Conj           100%       2d8       1%          2
c - Dazzling Flash        Conj/Hex       100%       N/A       1%          3
d - Fulminant Prism       Conj/Hex       30%        3d16      1%          4
e - Portal Projectile     Hex/Tloc       72%        N/A       1%          3
f - Call Canine Familiar  Summ           16%        N/A       4%          3

Your spell library contained the following spells:

 Spells                   Type           Power      Damage    Failure   Level
 Ignite Poison            Fire/Tmut/Pois 25%        N/A       2%          3
 Summon Small Mammal      Summ           64%        N/A       1%          1
 Ensorcelled Hibernation  Hex/Ice        72%        N/A       1%          2
 Sublimation of Blood     Necr           44%        N/A       1%          2
 Summon Guardian Golem    Hex/Summ       36%        N/A       1%          3
 Anguish                  Hex/Necr       25%        N/A       1%          4
 Iskenderun's Mystic Bla  Conj/Tloc      47%        2d10      1%          4
 Leda's Liquefaction      Hex/Erth       18%        N/A       3%          4
 Spider Form              Tmut/Pois      16%        N/A       4%          3
 Irradiate                Conj/Tmut      23%        3d21      4%          5
 Petrify                  Tmut/Erth      16%        N/A       13%         4


Dungeon Overview and Level Annotations

Branches:
Dungeon (10/15)            Temple (1/1) D:4            Lair (2/6) D:10
Ossuary (visited)
  Swamp: Lair:2-4    Shoals: Lair:2-4     Snake: Lair:2-4    Spider: Lair:2-4
    Orc: D:9-12

Altars:
Ashenzari
Cheibriados
Dithmenos
Elyvilon
Fedhas
Hepliaklqana
Kikubaaqudgha
Makhleb
Nemelex Xobeh
Okawaru
Qazlal
Ru
Sif Muna
Trog
Uskayaw
Vehumet
Wu Jian
Xom
Yredelemnul
Zin

Shops:
D:5 *

Annotations:
Lair:1 2 transporters
Lair:2 Sonja


Message History

The wyvern hisses angrily.
The blink frog hits you.
The blink frog blinks!
Sonja throws a curare-tipped dart.
The curare-tipped dart hits you. The wyvern bites you!
The basilisk gazes at you. You resist with almost no effort.
The wyvern bites you but does no damage.
The wyvern bites you! The basilisk gazes at you.
You resist with almost no effort. The black bear bites you!
The black bear claws you.
The black bear claws you but does no damage.
The blink frog hits you but does no damage.
The blink frog blinks!
Sonja throws a curare-tipped dart.
The curare-tipped dart completely misses you.
The wyvern bites you! The blink frog hits you!
The basilisk bites you but does no damage.
The black bear bites you but does no damage.
The black bear claws you but does no damage.
The black bear barely misses you.
The blink frog croaks.
The wyvern bites you but does no damage.
The blink frog hits you!
* * * LOW HITPOINT WARNING * * *
The blink frog blinks! x3; The wyvern bites you.
* * * LOW HITPOINT WARNING * * *
The basilisk bites you but does no damage.
The black bear bites you but does no damage.
The black bear claws you.
The black bear claws you but does no damage.
The blink frog blinks! x2; Sonja throws a curare-tipped dart.
The curare-tipped dart hits you. The wyvern bites you. The basilisk bites you!
* * * LOW HITPOINT WARNING * * *
The black bear bites you.
* * * LOW HITPOINT WARNING * * *
The black bear barely misses you.
The black bear claws you but does no damage.
The wyvern bites you!
You die...

....... ..#......##...
.......P.#...##
#.........#.... .
..P............ ...
#......#....#..
.#...###.$.......>....
......l@..........#...
...#.Fhll.....<....#
#.............##...
.......F....K........#
.....§......§.........#
.(...........F..F.......
.........?.$.........#.#
#..................[# .
#................#.#


You could see a komodo dragon, a basilisk, 4 blink frogs, Sonja, a black bear
and a wyvern.

Vanquished Creatures
  Gastronok (D:8)
  A hydra (D:9)
  A two-headed ogre (D:10)
  Joseph (D:7)
  2 cane toads (Lair:1)
  2 komodo dragons
  Maggie (D:7)
  A polar bear (Lair:1)
  A vampire (D:10)
  A wyvern (D:8)
  A shadow (D:10)
  2 basilisks (Lair:1)
  Menkaure (D:7)
  A water moccasin (Lair:1)
  An ice beast (D:7)
  3 orc warriors
  A black bear (Lair:1)
  A hornet zombie (D:9)
  2 necrophages
  An ogre (D:5)
  6 wolves (Lair:1)
  5 centaurs
  2 kobold brigands
  8 bullfrogs
  A water moccasin zombie (D:6)
  2 scorpions
  A gnoll sergeant (D:7)
  A wyvern skeleton (D:7)
  A water moccasin skeleton (D:5)
  4 wights (D:9)
  A howler monkey (D:7)
  A bullfrog zombie (D:7)
  3 centaur zombies
  3 gnoll shamans
  3 orc priests
  2 bullfrog skeletons (D:6)
  3 hounds
  2 jellies (D:6)
  2 centaur skeletons
  8 orc wizards
  2 iguanas
  A killer bee zombie (D:8)
  8 mummies (Ossuary)
  A howler monkey zombie (D:10)
  28 gnolls
  5 adders
  A white imp (D:8)
  An adder skeleton (D:4)
  A worm (D:2)
  3 dart slugs
  25 orcs
  10 bats
  4 endoplasms
  3 giant cockroaches
  3 gnoll zombies
  10 goblins
  8 hobgoblins
  12 jackals
  4 quokkas
  8 ball pythons
  4 frilled lizards
  3 hobgoblin zombies (Ossuary)
  18 kobolds
  A kobold zombie (Ossuary)
  2 orc zombies (Ossuary)
  7 rats
258 creatures vanquished.

Vanquished Creatures (collateral kills)
  A bullfrog (Lair:1)
1 creature vanquished.

Vanquished Creatures (others)
  187 fulminant prisms
  3 fungi (Lair:1)
  46 plants
236 creatures vanquished.

Grand Total: 495 creatures vanquished

Notes
Turn   | Place    | Note
-------+----------+-------------------------------------------
     0 | D:1      | dranuc9 the Deep Elf Conjurer began the quest for the Orb.
     0 | D:1      | Reached XP level 1. HP: 10/10 MP: 6/6
   217 | D:1      | Reached XP level 2. HP: 15/15 MP: 6/8
   220 | D:1      | Learned a level 2 spell: Searing Ray
   522 | D:1      | Reached skill level 5 in Conjurations
   869 | D:1      | Reached XP level 3. HP: 19/19 MP: 7/9
  1633 | D:2      | Reached XP level 4. HP: 24/24 MP: 9/11
  2053 | D:2      | Reached skill level 4 in Spellcasting
  2290 | D:2      | Reached XP level 5. HP: 28/28 MP: 10/13
  2470 | D:2      | Learned a level 3 spell: Dazzling Flash
  2956 | D:3      | Reached skill level 5 in Spellcasting
  3712 | D:3      | Found a burning altar of Makhleb.
  3777 | D:3      | Found a faded altar of an unknown god.
  4059 | D:4      | Found a sand-covered staircase.
  4070 | Ossuary  | Entered an ossuary
  4398 | Ossuary  | Reached XP level 6. HP: 32/32 MP: 8/16
  4533 | Ossuary  | Reached skill level 6 in Spellcasting
  4895 | D:4      | Found a staircase to the Ecumenical Temple.
  4908 | Temple   | Entered the Ecumenical Temple
  5367 | D:4      | Found a white marble altar of Elyvilon.
  5595 | D:4      | Reached skill level 1 in Hexes
  6199 | D:5      | Entered Level 5 of the Dungeon
  6207 | D:5      | Reached XP level 7. HP: 19/37 MP: 11/18
  6356 | D:5      | Learned a level 4 spell: Fulminant Prism
  6406 | D:5      | Found a shimmering altar of Xom.
  6406 | D:5      | Found a stormy altar of Qazlal.
  6414 | D:5      | Found an ornate altar of the Wu Jian Council.
  6416 | D:5      | Found a glowing silver altar of Zin.
  6418 | D:5      | Found a sacrificial altar of Ru.
  6616 | D:5      | Reached skill level 7 in Spellcasting
  6616 | D:5      | Reached skill level 1 in Evocations
  7163 | D:5      | Reached skill level 1 in Necromancy
  7177 | D:5      | Reached skill level 1 in Fire Magic
  7490 | D:5      | Found Wihidam's Elemental Accessories.
  7588 | D:6      | Reached XP level 8. HP: 32/42 MP: 15/21
  7823 | D:6      | Reached skill level 8 in Spellcasting
  7970 | D:6      | Found a broken altar of Ashenzari.
  8381 | D:6      | Found a radiant altar of Vehumet.
  8529 | D:6      | Became a worshipper of Vehumet
  8750 | D:7      | Noticed Menkaure
  8756 | D:7      | Killed Menkaure
  8980 | D:7      | Noticed Joseph
  9032 | D:7      | Killed Joseph
  9033 | D:7      | Reached skill level 9 in Spellcasting
  9033 | D:7      | Reached XP level 9. HP: 29/46 MP: 6/24
  9163 | D:7      | Found a bloodstained altar of Trog.
  9375 | D:7      | Noticed Maggie
  9385 | D:7      | Killed Maggie
 10160 | D:8      | Reached skill level 5 in Stealth
 10423 | D:8      | Noticed Gastronok
 10879 | D:7      | Reached * piety under Vehumet
 10879 | D:7      | Offered knowledge of Foxfire by Vehumet.
 11259 | D:8      | Identified the +7 falchion "Icrin" {distort, rElec rC-
                  | Int+6 Dex+2}
 11558 | D:8      | Reached skill level 1 in Bows
 13060 | D:8      | Killed Gastronok
 13061 | D:8      | Reached skill level 1 in Staves
 13061 | D:8      | Reached skill level 5 in Dodging
 13061 | D:8      | Reached skill level 10 in Spellcasting
 13061 | D:8      | Reached skill level 10 in Conjurations
 13061 | D:8      | Reached skill level 5 in Hexes
 13061 | D:8      | Reached XP level 10. HP: 51/51 MP: 3/26
 13984 | D:9      | Noticed a six-headed hydra
 14478 | D:9      | Killed a six-headed hydra
 14479 | D:9      | Reached skill level 11 in Spellcasting
 14675 | D:9      | Offered knowledge of Freeze by Vehumet.
 14752 | D:9      | Reached ** piety under Vehumet
 15078 | D:10     | Entered Level 10 of the Dungeon
 15259 | D:10     | Noticed a two-headed ogre
 15269 | D:10     | Killed a two-headed ogre
 15581 | D:10     | Found an iron altar of Okawaru.
 15689 | D:10     | Found a staircase to the Lair.
 15776 | Lair:1   | Entered Level 1 of the Lair of Beasts
 15842 | Lair:1   | Found a transporter.
 15928 | Lair:1   | Reached XP level 11. HP: 55/55 MP: 10/28
 16118 | Lair:1   | Found a transporter.
 16297 | Lair:1   | Offered knowledge of Ignite Poison by Vehumet.
 16516 | Lair:1   | Learned a level 3 spell: Portal Projectile
 16520 | Lair:1   | Learned a level 3 spell: Call Canine Familiar
 16909 | Lair:2   | Noticed Sonja
 17018 | Lair:2   | Slain by a wyvern

Illustrated notes

Levels and vault maps discovered:
D:1:      onia_arrival_handbag, layout_basic, amcnicky_mini_corridor_feature
D:2:      layout_loops_ring
D:3:      layout_basic, bloody_makhleb, ebering_ecumenical_altar_webs
D:4:      layout_loops_corners, nicolae_elyvilon_temple_path,
          minmay_temple_entry_large_hall, enter_ossuary_3
D:5:      layout_loops_ring, chequers_temple_overflow_minitemple,
          minmay_misc_feat_rugged, minmay_misc_feat_four_crosses,
          nicolae_elemental_shop
D:6:      layout_basic, mainiacjoe_overflow_alcove_2,
          mainiacjoe_overflow_chevrons
D:7:      layout_rooms, mainiacjoe_overflow_brackets,
          kennysheep_generic_room_10, uniq_maggie, uniq_menkaure, uniq_joseph
D:8:      wander_river, layout_basic, uniq_gastronok
D:9:      layout_rooms
D:10:     layout_irregular_city, lemuel_tele_altar, kennysheep_mini,
          mainiacjoe_overflow_small_starburst, david_lair_shrubbed,
          minmay_fractal_squares_gapless_5
Temple:   compressed_dpeg_triangle_lava_temple
Lair:1:   gammafunk_cloud_chamber, layout_chaotic_city
Lair:2:   layout_layer_cave, uniq_sonja

Skill      XL: |  1  2  3  4  5  6  7  8  9 10 11 |
---------------+----------------------------------+-----
Conjurations   | 5 6 8 10 | 10.8
Spellcasting   | 4 5 6 7 9 10 11 | 11.9
Stealth        | 3 4 5 6 |  6.9
Dodging        | 3 4 5 6 |  6.0
Hexes          | 1 3 5 6 7 |  7.1
Evocations     | 1 2 4 |  4.7
Necromancy     | 1 2 3 4 |  4.9
Fire Magic     | 1 2 3 4 |  4.5
Bows           | 2 3 |  3.5
Staves         | 1 2 |  2.3
Fighting       | |  0.7

Action                   |  1- 3 |  4- 6 |  7- 9 | 10-12 || total
-------------------------+-------+-------+-------+-------++-------
Melee: Short sword       |       |       |       |    13 ||    13
       Punch             |       |       |       |     1 ||     1
 Fire: Shortbow          |       |       |       |    11 ||    11
 Cast: Magic Dart        |    64 |   147 |    33 |     8 ||   252
       Searing Ray       |     2 |    35 |    19 |    22 ||    78
       Fulminant Prism   |       |       |   112 |    77 ||   189
       Call Canine Famil |       |       |       |     3 ||     3
Evoke: Wand              |       |       |     9 |     9 ||    18
  Use: Scroll            |       |     1 |    19 |     3 ||    23
       Potion            |       |       |     1 |       ||     1
Armor: Robe              |     2 |     3 |     4 |    19 ||    28
Dodge: Dodged            |     6 |    10 |    31 |    26 ||    73
